 Dungeon Crawl Stone Soup version 0.31-a0-765-g67fe2935dc (webtiles) character file.

Game seed: 5565048997684543089

5935 tilp the Slicer (level 10, -5/77 HPs)
             Began as a Vampire Enchanter on Sept 16, 2023.
             Slain by an ogre
             ... wielding a +0 giant spiked club
             ... led by Lodul
              (32 damage)
             ... on level 10 of the Dungeon.
             The game lasted 00:16:24 (9510 turns).

tilp the Slicer (Vampire Enchanter)                 Turns: 9510, Time: 00:16:25

Health: -5/77      AC:  9    Str:  7    XL:     10   Next: 54%
Magic:  18/18      EV: 14    Int: 23    God:
Gold:   479        SH:  5    Dex: 16    Spells: 8/19 levels left

rFire   . . .        a - +1 dagger (flame)
rCold   . . .        (no shield)
rNeg    + . .        B - +0 steam dragon scales
rPois   .            (no helmet)
rElec   .            (no cloak)
rCorr   .            e - +1 pair of gloves "Vifo" {Int+2}
SInv    +            H - +1 pair of boots
Will    +....        k - amulet of reflection
Stlth   ++++         g - ring of wizardry
HPRegen 0.52/turn    s - ring of positive energy
MPRegen 0.16/turn

%: reflection, wizardry (x1)
@: healing quickly, studying Ice Magic
A: alive, fangs 3, see invisible, vampiric 2
a: Exsanguinate


You were on level 10 of the Dungeon.
You visited 2 branches of the dungeon, and saw 11 of its levels.

You collected 623 gold pieces.
You spent 144 gold pieces at shops.

Inventory:

Hand Weapons
 a - a +1 dagger of flaming (weapon)
 b - a +2 dagger of venom
 q - a +2 dagger
Missiles
 j - 55 poisoned darts (quivered)
 o - a throwing net
 t - 4 boomerangs
 F - 4 javelins
 L - 2 silver javelins
Armour
 e - the +1 pair of gloves "Vifo" (worn) {Int+2}
   (You found it on level 2 of the Dungeon)

   Int+2:     It affects your intelligence (+2).
 x - an orb of energy
 A - a +2 robe
 B - +0 steam dragon scales (worn)
 C - a +2 pair of gloves
 H - a +1 pair of boots (worn)
Magical Staves
 K - a staff of earth
Jewellery
 g - a ring of wizardry (left hand)
 k - an amulet of reflection (around neck)
 r - a ring of resist corrosion
 s - a ring of positive energy (right hand)
 D - a ring of fire
Wands
 n - a wand of paralysis (15)
 y - a wand of polymorph (9)
 z - a wand of light (2)
 I - a wand of flame (1)
 M - a wand of roots (4)
Scrolls
 f - 3 scrolls of identify
 m - 4 scrolls of revelation
 p - 2 scrolls of teleportation
 v - a scroll of acquirement
 w - 3 scrolls of fear
 G - a scroll of poison
Potions
 c - 3 potions of invisibility
 d - 3 potions of curing
 h - a potion of brilliance
 i - 2 potions of berserk rage
 l - 3 potions of resistance
 u - a potion of lignification
 E - a potion of enlightenment
 J - a potion of haste {unknown}


   Skills:
 * Level 6.6 Fighting
 - Level 10.0 Short Blades
 + Level 1.4 Armour
 + Level 4.6 Dodging
 + Level 8.7 Stealth
 + Level 5.3 Spellcasting
 - Level 2.0 Conjurations
 + Level 8.5 Hexes
 + Level 2.7 Ice Magic
 * Level 2.0 Evocations


You had 8 spell levels left.
You knew the following spells:

 Your Spells              Type           Power      Damage    Failure   Level
a - Ensorcelled Hibernat  Hex/Ice        64%        N/A       1%          2
b - Confusing Touch       Hex            45%        N/A       1%          3
c - Tukima's Dance        Hex            45%        N/A       1%          3
d - Dazzling Flash        Conj/Hex       60%        N/A       1%          3

Your spell library contained the following spells:

 Spells                   Type           Power      Damage    Failure   Level
 Slow                     Hex            100%       N/A       1%          1
 Sigil of Binding         Hex            45%        N/A       1%          3
 Summon Guardian Golem    Hex/Summ       25%        N/A       1%          3
 Apportation              Tloc           12%        N/A       3%          1
 Necrotise                Necr           24%        1d5       3%          1
 Summon Small Mammal      Summ           24%        N/A       3%          1
 Call Canine Familiar     Summ           6%         N/A       11%         3
 Gell's Gravitas          Tloc           6%         N/A       11%         3
 Teleport Other           Tloc           6%         N/A       11%         3
 Vampiric Draining        Necr           6%         2d6       11%         3
 Olgreb's Toxic Radiance  Pois           6%         N/A       32%         4
 Summon Forest            Summ/Tloc      3%         N/A       65%         5
 Dispersal                Tloc           3%         N/A       99%         6
 Discord                  Hex            22%        N/A       99%         8
 Disjunction              Tloc           3%         N/A       100%        8
 Ignition                 Fire           3%         3d4       100%        8


Dungeon Overview and Level Annotations

Branches:
Dungeon (10/15)            Temple (1/1) D:7
   Lair: D:8-11         Orc: D:9-12

Altars:
Ashenzari
Cheibriados
Dithmenos
Fedhas
Gozag
Hepliaklqana
Kikubaaqudgha
Makhleb
Nemelex Xobeh
Okawaru
Qazlal
Ru
Sif Muna
Trog
Uskayaw
Vehumet
Xom
Yredelemnul
Jiyva

Shops:
D:7 (   D:8 =   D:9 *

Annotations:
D:7 2 transporters, WhatIsLove's ghost, novice HOMo
D:10 Lodul


Innate Abilities, Weirdness & Mutations

Your natural rate of healing is accelerated.
You have razor-sharp teeth.
You have supernaturally acute eyesight. (SInv)
You are afflicted with vampirism and can become a bat while bloodless.


Message History

Aim: an ogre, wielding a +0 giant spiked club (chance to affect: 61%)
The ogre resists with significant effort.
The ogre barely misses you.
Unknown command.
Casting: Ensorcelled Hibernation (safe; 1% risk of failure)
Confirm with . or Enter, or press ? or * to list all spells.
Aiming: Ensorcelled Hibernation (safe; 1% risk of failure)
Press: ? - help, Shift-Dir - straight line, f/p - ogre
Aim: an ogre, wielding a +0 giant spiked club (chance to affect: 61%)
The ogre looks drowsy...
The ogre closely misses you.
Unknown command.
The helpless ogre fails to defend itself.
You spit the ogre like a pig!!!! You burn the ogre!
You kill the ogre!
Casting: Ensorcelled Hibernation (safe; 1% risk of failure)
Confirm with . or Enter, or press ? or * to list all spells.
Aiming: Ensorcelled Hibernation (safe; 1% risk of failure)
Press: ? - help, Shift-Dir - straight line, f - ogre
Aim: an ogre, wielding a +0 giant club (chance to affect: 61%)
The ogre looks drowsy...
Unknown command.
The helpless ogre fails to defend itself.
You skewer the ogre like a kebab!!!! You burn the ogre.
You kill the ogre!
Your Evocations skill increases to level 2!
You start resting.
HP restored.
You start resting.
Magic restored.
You climb downwards.
Level annotation: Lodul The ogre closely misses you.
The ogre barely misses you. Lodul misses you. The ogre closely misses you.
There is a stone staircase leading up here.
Unknown command.
The ogre hits you with a +0 giant club!!
You block the ogre's attack. Lodul hits you with a +0 dire flail!!
* * * LOW HITPOINT WARNING * * *
The ogre hits you with a +0 giant spiked club!!
You die...

#.#####..........O..###
#.............O........
#...........O..........
#......................
#......................
#.......##'#...........
#.......#.O#####....###
#.......'.OO...+....#
##......#.@O...#....#
#......#O.....#....#
#......#......#
#......#......#
#......#......#
.......#......#
.......########


You could see Lodul and 4 ogres.

Vanquished Creatures
  Pikel (D:4)
  Jeremiah (D:6)
  Maggie (D:6)
  A troll (D:8)
  Grinder (D:6)
  A hornet (D:7)
  3 yaks
  2 steam dragons
  Duvessa (D:6)
  2 water moccasins
  5 ice beasts
  A sky beast (D:6)
  6 ogres
  A centaur (D:8)
  4 phantoms
  5 kobold brigands
  3 bullfrogs
  A scorpion (D:5)
  Dowan (D:6)
  6 killer bees
  2 howler monkeys
  A crimson imp (D:8)
  2 hounds (D:6)
  2 jellies
  3 orc priests
  Ijyb (D:5)
  3 iguanas (D:5)
  9 orc wizards
  7 gnolls
  13 adders
  An ufetubus (D:6)
  3 worms (D:2)
  2 dart slugs (D:3)
  28 orcs
  8 endoplasms
  3 giant cockroaches
  12 goblins
  7 hobgoblins
  5 jackals (D:1)
  27 kobolds
  7 quokkas
  7 ball pythons
  5 bats
  4 frilled lizards
  4 rats
213 creatures vanquished.

Vanquished Creatures (others)
  A dancing weapon (D:5)
1 creature vanquished.

Grand Total: 214 creatures vanquished

Notes
Turn   | Place    | Note
-------+----------+-------------------------------------------
     0 | D:1      | tilp the Vampire Enchanter began the quest for the Orb.
     0 | D:1      | Reached XP level 1. HP: 13/13 MP: 3/3
    12 | D:1      | Noticed an electric eel
   159 | D:1      | Reached XP level 2. HP: 20/20 MP: 5/5
   372 | D:1      | Reached skill level 1 in Fighting
   379 | D:1      | Learned a level 2 spell: Ensorcelled Hibernation
   541 | D:1      | Gained mutation: You are afflicted with vampirism and can
                  | become a bat while bloodless. [Vampire growth]
   541 | D:1      | Reached XP level 3. HP: 26/26 MP: 6/6
   545 | D:1      | Learned a level 3 spell: Confusing Touch
   828 | D:2      | Reached skill level 2 in Short Blades
  1088 | D:2      | Reached XP level 4. HP: 23/32 MP: 3/7
  1163 | D:2      | Identified the +1 pair of gloves "Vifo" {Int+2}
  1177 | D:2      | Reached skill level 5 in Stealth
  1976 | D:3      | Reached XP level 5. HP: 38/38 MP: 3/8
  1990 | D:3      | Reached skill level 5 in Hexes
  2018 | D:3      | Learned a level 3 spell: Tukima's Dance
  2076 | D:3      | Found a faded altar of an unknown god.
  2151 | D:3      | Reached skill level 3 in Short Blades
  2216 | D:3      | Found a hide-covered altar of Uskayaw.
  2423 | D:3      | Reached XP level 6. HP: 46/46 MP: 2/10
  2995 | D:3      | Found a shadowy altar of Dithmenos.
  3507 | D:4      | Found a hazy altar of Hepliaklqana.
  3808 | D:4      | Reached skill level 4 in Short Blades
  3808 | D:4      | Reached XP level 7. HP: 52/52 MP: 4/11
  3913 | D:5      | Entered Level 5 of the Dungeon
  4000 | D:5      | Noticed Pikel
  4031 | D:4      | Killed Pikel
  4032 | D:4      | Reached skill level 5 in Short Blades
  4032 | D:4      | Reached XP level 8. HP: 58/60 MP: 5/13
  4243 | D:5      | Got the Spellbook of Points
  5005 | D:5      | Noticed Ijyb
  5010 | D:5      | Killed Ijyb
  5138 | D:5      | Identified a scroll of acquirement
  5334 | D:6      | Noticed Jeremiah
  5347 | D:6      | Killed Jeremiah
  5348 | D:6      | Reached skill level 5 in Fighting
  5348 | D:6      | Reached skill level 6 in Short Blades
  5377 | D:6      | Noticed Dowan
  5384 | D:6      | Noticed Duvessa
  5436 | D:6      | Killed Duvessa
  5445 | D:6      | Killed Dowan
  5446 | D:6      | Reached XP level 9. HP: 68/68 MP: 5/15
  5524 | D:6      | Noticed Grinder
  5527 | D:6      | Noticed Maggie
  5530 | D:6      | Killed Grinder
  5531 | D:6      | Paralysed by Maggie for 3 turns
  5546 | D:6      | Killed Maggie
  5547 | D:6      | Reached skill level 7 in Short Blades
  5607 | D:6      | Learned a level 3 spell: Dazzling Flash
  5746 | D:6      | Found a broken altar of Ashenzari.
  5815 | D:6      | Reached skill level 5 in Spellcasting
  5853 | D:6      | Reached skill level 8 in Short Blades
  6357 | D:7      | Reached skill level 9 in Short Blades
  6429 | D:7      | Found a transporter.
  6433 | D:7      | Noticed a moth of wrath
  6441 | D:7      | Noticed WhatIsLove's ghost (novice HOMo)
  6528 | D:7      | Found a staircase to the Ecumenical Temple.
  6555 | D:7      | Found Wuixifionwak's Weapon Emporium.
  6570 | D:7      | Found a transporter.
  6634 | D:7      | Noticed a troll
  6637 | Temple   | Entered the Ecumenical Temple
  6649 | D:7      | Found a bloodstained altar of Trog.
  6910 | D:7      | Reached skill level 10 in Short Blades
  6967 | D:7      | You fall into a shaft and drop 1 floor!
  6980 | D:8      | Noticed a troll
  6986 | D:8      | Killed a troll
  6987 | D:8      | Reached XP level 10. HP: 48/76 MP: 14/17
  7155 | D:8      | Found a stormy altar of Qazlal.
  7227 | D:8      | Found a radiant altar of Vehumet.
  7228 | D:8      | Found a burning altar of Makhleb.
  7236 | D:8      | Reached skill level 1 in Ice Magic
  7544 | D:8      | Found Seubige's Jewellery Shop.
  7656 | D:8      | Reached skill level 1 in Conjurations
  7798 | D:7      | Reached skill level 1 in Evocations
  8177 | D:8      | Found a bloodstained altar of Trog.
  8241 | D:8      | Reached skill level 1 in Armour
  8709 | D:9      | Found an ancient bone altar of Kikubaaqudgha.
  8712 | D:9      | Found a blossoming altar of Fedhas.
  9189 | D:9      | Found Uza Gool's Demolitions Depot.
  9206 | D:9      | Found a sacrificial altar of Ru.
  9339 | D:9      | Bought a wand of roots (4) for 144 gold pieces
  9393 | D:10     | Entered Level 10 of the Dungeon
  9413 | D:10     | Noticed Lodul
  9510 | D:10     | Slain by an ogre

Illustrated notes

Levels and vault maps discovered:
D:1:      arrival_aquarium_a, layout_loops_ring
D:2:      layout_rooms
D:3:      layout_loops_corners, nicolae_uskayaw_suspiria, marbit_many_paths,
          shapermc_ecumenical_altar_venn, hangedman_decor_lopped,
          minmay_mini_jars
D:4:      layout_gridville, mainiacjoe_overflow_small_starburst
D:5:      layout_layer_cave, uniq_ijyb, uniq_pikel
D:6:      layout_cave_pools, chequers_temple_overflow_statue_of_worship,
          uniq_duvessa, uniq_maggie, uniq_grinder, uniq_jeremiah
D:7:      layout_basic, minmay_temple_entry_butterflies,
          gammafunk_ghost_wrathful_warriors, nicolae_stop_n_shop_1
D:8:      layout_gridville, mainiacjoe_overflow_boulevard,
          mainiacjoe_overflow_chevrons,
          grunt_temple_overflow_lords_of_destruction, serial_shops, shop_coins
D:9:      layout_cave_pods, grunt_temple_overflow_growth_and_decay,
          nicolae_ru_path_of_blood, nicolae_blasting_shop
D:10:     lemuel_ice_spiral_2, layout_irregular_city, nzn_wu_jian_council_hall,
          uniq_lodul
Temple:   pf_slimified_temple

Skill      XL: |  1  2  3  4  5  6  7  8  9 10 |
---------------+-------------------------------+-----
Fighting       | 1 2 3 4 5 6 |  6.6
Short Blades   | 2 3 4 5 6 10 | 10.0
Stealth        | 5 6 7 8 |  8.7
Hexes          | 5 6 7 8 |  8.5
Dodging        | 3 4 |  4.6
Spellcasting   | 3 4 5 |  5.3
Ice Magic      | 2 |  2.7
Conjurations   | 2 |  2.0
Evocations     | 2 |  2.0
Armour         | 1 |  1.4

Action                     |  1- 3 |  4- 6 |  7- 9 | 10-12 || total
---------------------------+-------+-------+-------+-------++-------
  Melee: Dagger            |    80 |   181 |   162 |   100 ||   523
         Bite              |     7 |    10 |    20 |     5 ||    42
         Punch             |     1 |     4 |       |     3 ||     8
   Cast: Ensorcelled Hiber |     9 |    47 |    40 |    48 ||   144
         Confusing Touch   |       |     3 |     7 |     2 ||    12
         Tukima's Dance    |       |       |     2 |       ||     2
    Use: Scroll            |     2 |     9 |     6 |     1 ||    18
   Stab: Sleeping          |    17 |    41 |    36 |    27 ||   121
         Confused          |       |     2 |     5 |     2 ||     9
         Distracted        |       |     1 |       |       ||     1
 Armour: Robe              |    41 |    58 |     7 |       ||   106
         Steam dragon scal |       |       |    47 |    42 ||    89
  Dodge: Dodged            |    44 |    86 |    60 |    70 ||   260
  Block: Other             |       |    31 |    31 |    23 ||    85
         Reflection        |       |     1 |     1 |     1 ||     3

Table legend: (Time is in decaauts)
 A = Elapsed time spent in this place.
 B = Non-inter-level travel time spent in this place.
 C = Inter-level travel time spent in this place.
 D = Time resting spent in this place.
 E = Time spent auto-exploring this place.
 F = Levels seen in this place.
 G = Mean time per level.
                   A        B        C        D        E       F      G
               +--------+--------+--------+--------+--------+-----+--------+
         Total |   9364 |   8911 |    453 |    715 |   6323 |  11 |  851.3 |
       Dungeon |   9362 |   8909 |    453 |    715 |   6323 |  10 |  936.2 |
        Temple |      1 |      1 |      0 |      0 |      0 |   1 |    1.0 |
               +--------+--------+--------+--------+--------+-----+--------+

Top non-repeatable levels by time:
     D:3: 1424 daAuts
     D:5: 1294 daAuts
     D:9: 1184 daAuts
     D:8: 1085 daAuts
     D:2: 951 daAuts
     D:6: 930 daAuts
     D:7: 889 daAuts
     D:1: 798 daAuts
     D:4: 765 daAuts
    D:10: 38 daAuts
  Temple: 1 daAuts
